 Dungeon Crawl Stone Soup version 0.31-a0-1522-g43313d8a59 (webtiles) character file.

Game seed: 106107052532877809

3668437 Iwannabefree the Slayer (level 27, 113/247 HPs)
             Began as a Human Cinder Acolyte on Dec 30, 2023.
             Was the Champion of Ashenzari.
             Escaped with the Orb
             ... and 5 runes
             ... and 1 gem!
             The game lasted 04:06:32 (59745 turns).

Iwannabefree the Slayer (Human Cinder Acolyte)     Turns: 59745, Time: 04:06:33

Health: 113/247    AC: 34    Str: 16 (17) XL:     27
Magic:  27/51      EV: 19    Int: 21 (22) God:    Ashenzari [******]
Gold:   6597       SH: 17    Dex: 12      Spells: 14/75 levels left

rFire   + + .        f - +7 demon whip of the Bound Oracle {vamp, Comp, Self} (curse)
rCold   + + +        h - +2 shield of Resistance {rF++ rC++ Will++, Fort, Sorc} (curse)
rNeg    . . .        W - +9 ice dragon scales "Chained Jealousy" {rF- rC++, Comp, Cun} (curse)
rPois   +            z - +2 helmet "Eternal With Me" {Int+3, Sorc, Elem} (curse)
rElec   +            y - +2 cloak of the Wild Blue Yonder {Will+, Self, Melee} (curse)
rCorr   .            E - +1 pair of gloves of the Prophetic Levity {Sorc, Melee} (curse)
SInv    +            F - +0 pair of boots "Share My Foul Odours" {Regen+, Self, Comp} (curse)
Will    +++++        V - amulet "Prescient Water Diviner" {Faith rF++ rC- Regen+, Bglg, Elem} (curse)
Stlth   +            r - ring "Lashed Repose" {rPois, Cun, Sorc} (curse)
HPRegen 2.21/turn    s - ring "At What Cost Knowledge?" {rElec EV+5 Stlth+, Comp, Cun} (curse)
MPRegen 0.32/turn

%: clarity, faith
@: mighty, on berserk cooldown, enlightened, flying, very slightly contaminated,
hasted and slowed, studying 4 skills
A: explore regen, berserk 2, deformed body, deterioration 1, dopey 1, screaming
2, weak 1, no potion heal 1, heat vulnerability 1, MP-powered wands, devolution
1
0: Orb of Zot
}: 5/15 runes: decaying, serpentine, slimy, silver, abyssal
a: Renounce Religion, Shatter the Chains


You escaped.
You worshipped Ashenzari.
Ashenzari was exalted by your worship.
You visited 12 branches of the dungeon, and saw 56 of its levels.
You visited the Abyss 1 time.
You also visited: Bailey, Ice Cave, Volcano and Desolation.

You collected 7963 gold pieces.
You spent 1366 gold pieces at shops.

Inventory:

Hand Weapons
 f - the cursed +7 demon whip of the Bound Oracle (weapon) {vamp, Comp, Self}
   (You took it off a hell knight on level 1 of the Crypt)

   It has a curse which improves the following skills: Companions: Summonings
   and Necromancy.
   Introspection: Fighting and Spellcasting.
Missiles
 a - 4 throwing nets (quivered)
 P - 25 curare-tipped darts
Armour
 h - the cursed +2 shield of Resistance (worn) {rF++ rC++ Will++, Fort, Sorc}
   (You found it on level 3 of the Elven Halls)

   rF++:      It greatly protects you from fire.
   rC++:      It greatly protects you from cold.
   Will++:    It greatly increases your willpower.
   It has a curse which improves the following skills: Fortitude: Armour and
   Shields.
   Sorcery:   Conjurations and Alchemy.
 y - the cursed +2 cloak of the Wild Blue Yonder (worn) {Will+, Self, Melee}
   (You took it off Nikola on level 3 of the Swamp)

   It has a curse which improves the following skills: Introspection: Fighting
   and Spellcasting.
   Melee Combat: Short Blades, Long Blades, Axes, Maces & Flails, Polearms,
   Staves and Unarmed Combat.
 z - the cursed +2 helmet "Eternal With Me" (worn) {Int+3, Sorc, Elem}
   (You found it on level 4 of the Dungeon)

   It has a curse which improves the following skills: Sorcery: Conjurations and
   Alchemy.
   Elements:  Fire Magic, Ice Magic, Air Magic and Earth Magic.
 E - the cursed +1 pair of gloves of the Prophetic Levity (worn) {Sorc, Melee}
   (You took it off Nikola on level 3 of the Swamp)

   It has a curse which improves the following skills: Sorcery: Conjurations and
   Alchemy.
   Melee Combat: Short Blades, Long Blades, Axes, Maces & Flails, Polearms,
   Staves and Unarmed Combat.
 F - the cursed +0 pair of boots "Share My Foul Odours" (worn) {Regen+, Self, Comp}
   (You acquired it on level 1 of the Crypt)

   Regen+:    It increases your rate of health regeneration.
   It has a curse which improves the following skills: Introspection: Fighting
   and Spellcasting.
   Companions: Summonings and Necromancy.
 W - the cursed +9 ice dragon scales "Chained Jealousy" (worn) {rF- rC++, Comp, Cun}
   (You took it off a servant of whispers in the Desolation of Salt)

   rF-:       It makes you vulnerable to fire.
   rC++:      It greatly protects you from cold.
   It has a curse which improves the following skills: Companions: Summonings
   and Necromancy.
   Cunning:   Dodging and Stealth.
Jewellery
 r - the cursed ring "Lashed Repose" (left hand) {rPois, Cun, Sorc}
   (You found it on level 3 of the Swamp)

   [ring of poison resistance]

   rPois:     It protects you from poison It has a curse which improves the
   following skills: Cunning: Dodging and Stealth.
   Sorcery:   Conjurations and Alchemy.
 s - the cursed ring "At What Cost Knowledge?" (right hand) {rElec EV+5 Stlth+, Comp, Cun}
   (You took it off a ragged hierophant in the Desolation of Salt)

   [ring of evasion]

   EV+5:      It affects your evasion (+5).
   rElec:     It insulates you from electricity.
   Stlth+:    It makes you more stealthy.
   It has a curse which improves the following skills: Companions: Summonings
   and Necromancy.
   Cunning:   Dodging and Stealth.
 I - the amulet of Balance {RegenMP rN++ Str+5 Stlth-}
   (You found it on level 5 of the Pits of Slime)

   [amulet of magic regeneration]

   RegenMP:   It increases your rate of magic regeneration.
   Str+5:     It affects your strength (+5).
   rN++:      It greatly protects you from negative energy.
   Stlth-:    It makes you less stealthy.
 V - the cursed amulet "Prescient Water Diviner" (around neck) {Faith rF++ rC- Regen+, Bglg, Elem}
   (You found it in the Desolation of Salt)

   [amulet of faith]

   Faith:     It allows you to gain divine favour quickly.
   rF++:      It greatly protects you from fire.
   rC-:       It makes you vulnerable to cold.
   Regen+:    It increases your rate of health regeneration.
   It has a curse which improves the following skills: Beguiling: Hexes and
   Translocations.
   Elements:  Fire Magic, Ice Magic, Air Magic and Earth Magic.
Wands
 l - a wand of roots (76)
 J - a wand of polymorph (6)
 U - a wand of quicksilver (33)
Scrolls
 c - a scroll of blinking
 g - 9 scrolls of teleportation
 o - 5 scrolls of fear
 v - 6 scrolls of enchant armour
 w - 12 scrolls of poison
 C - 2 scrolls of torment
 G - 7 scrolls of vulnerability
 H - a scroll of amnesia
 K - 2 scrolls of revelation
 M - 2 scrolls of immolation
 R - 6 scrolls of butterflies
 S - 2 scrolls of silence
Potions
 b - 4 potions of resistance
 i - 5 potions of cancellation
 j - 8 potions of lignification
 k - 18 potions of brilliance
 m - a potion of ambrosia
 q - 6 potions of curing
 t - 6 potions of mutation
 u - 9 potions of enlightenment
 L - 2 potions of berserk rage
 O - 9 potions of might
 Q - 5 potions of attraction
 T - 2 potions of magic
 Y - a potion of haste
Miscellaneous
 n - a sack of spiders
 D - a tin of tremorstones (2/2)
 N - a phantom mirror
 X - a phial of floods


   Skills:
 + Level 22.5(26.8) Fighting
 - Level 3.0(6.0) Long Blades
 - Level 13.0(17.8) Maces & Flails
 - Level 11.3(16.8) Staves
 - Level 18.0(20.2) Armour
 - Level 10.0(14.7) Dodging
 - Level 19.7(21.8) Shields
 + Level 20.3(24.6) Spellcasting
 - Level 11.8(17.5) Conjurations
 - Level 13.4(19.1) Summonings
 - Level 8.4(14.0) Necromancy
 - Level 13.4(15.8) Translocations
 - Level 9.4(13.0) Fire Magic
 - Level 5.0(8.5) Ice Magic
 - Level 4.0(7.2) Earth Magic
 - Level 12.2(17.9) Alchemy


You had 14 spell levels left.
You knew the following spells:

 Your Spells              Type           Power      Damage    Failure   Level
a - Eringya's Noxious Bo  Alch           39%        4d6       1%          6
c - Frozen Ramparts       Ice            100%       1d16      1%          3
d - Fireball              Conj/Fire      37%        3d15      1%          5
e - Olgreb's Toxic Radia  Alch           79%        N/A       1%          4
f - Ignite Poison         Fire/Alch      74%        N/A       1%          4
g - Starburst             Conj/Fire      37%        6d11      1%          6
h - Orb of Destruction    Conj           39%        9d11      2%          7
i - Irradiate             Conj/Alch      39%        3d24      1%          5
j - Freezing Cloud        Conj/Ice/Air   29%        6-21      3%          5
k - Malign Gateway        Summ/Tloc      39%        N/A       3%          7
l - Lesser Beckoning      Tloc           100%       N/A       0%          2
p - Passwall              Erth           54%        N/A       1%          3
u - Dispel Undead         Necr           71%        3d24      1%          4

Your spell library contained the following spells:

 Spells                   Type           Power      Damage    Failure   Level
 Apportation              Tloc           100%       N/A       0%          1
 Foxfire                  Conj/Fire      100%       2x1d9     0%          1
 Kiss of Death            Conj/Necr      100%       2d13      0%          1
 Magic Dart               Conj           100%       1d8       0%          1
 Necrotise                Necr           100%       1d9       0%          1
 Sting                    Conj/Alch      100%       1d9       0%          1
 Summon Small Mammal      Summ           100%       N/A       0%          1
 Blink                    Tloc           100%       N/A       0%          2
 Call Imp                 Summ           100%       N/A       0%          2
 Searing Ray              Conj           100%       2d8       0%          2
 Call Canine Familiar     Summ           82%        N/A       0%          3
 Freeze                   Ice            100%       1d10      1%          1
 Shock                    Conj/Air       100%       1d9       1%          1
 Cigotuvi's Dreadful Rot  Necr/Alch/Air  100%       N/A       1%          2
 Ensorcelled Hibernation  Hex/Ice        88%        N/A       1%          2
 Mercury Vapours          Alch/Air       100%       N/A       1%          2
 Scorch                   Fire           100%       2d9       1%          2
 Static Discharge         Conj/Air       100%       3-8/arc   1%          2
 Sublimation of Blood     Necr           71%        N/A       1%          2
 Dazzling Flash           Conj/Hex       100%       N/A       1%          3
 Gell's Gravitas          Tloc           75%        N/A       1%          3
 Hailstorm                Conj/Ice       69%        3d12      1%          3
 Inner Flame              Hex/Fire       52%        N/A       1%          3
 Mephitic Cloud           Conj/Alch/Air  66%        N/A       1%          3
 Stone Arrow              Conj/Erth      100%       3d13      1%          3
 Teleport Other           Tloc           75%        N/A       1%          3
 Vampiric Draining        Necr           71%        2d11      1%          3
 Volatile Blastmotes      Fire/Tloc      100%       2d18      1%          3
 Animate Armour           Summ/Erth      100%       N/A       1%          4
 Brom's Barrelling Bould  Conj/Erth      67%        2d8       1%          4
 Dimensional Bullseye     Hex/Tloc       28%        N/A       1%          4
 Flame Wave               Conj/Fire      74%        2d16      1%          4
 Fulminant Prism          Conj/Alch      39%        3d18      1%          4
 Iskenderun's Mystic Bla  Conj/Tloc      77%        2d15      1%          4
 Leda's Liquefaction      Alch/Erth      34%        N/A       1%          4
 Martyr's Knell           Necr/Summ      77%        N/A       1%          4
 Petrify                  Alch/Erth      68%        N/A       1%          4
 Sticky Flame             Fire/Alch      74%        2d12      1%          4
 Summon Blazeheart Golem  Fire/Summ      76%        N/A       1%          4
 Summon Lightning Spire   Summ/Air       61%        N/A       1%          4
 Vhi's Electric Charge    Tloc/Air       100%       N/A       1%          4
 Alistair's Intoxication  Alch           52%        N/A       1%          5
 Curse of Agony           Necr           71%        N/A       1%          5
 Iskenderun's Battlesphe  Conj           78%        2d13      1%          5
 Death Channel            Necr           35%        N/A       1%          6
 Dispersal                Tloc           37%        N/A       1%          6
 Monstrous Menagerie      Summ           41%        N/A       1%          7
 Spellforged Servitor     Conj/Summ      40%        N/A       1%          7
 Summon Hydra             Summ           41%        N/A       1%          7
 Anguish                  Hex/Necr       27%        N/A       2%          4
 Arcjolt                  Conj/Air       29%        1d39      3%          5
 Yara's Violent Unravell  Hex/Alch       29%        3d12      3%          5
 Sculpt Simulacrum        Ice/Alch       34%        N/A       3%          6
 Bombard                  Conj/Erth      33%        9d6       4%          6
 Haunt                    Necr/Summ      38%        N/A       4%          7
 Jinxbite                 Hex            54%        N/A       6%          2
 Lee's Rapid Deconstruct  Erth           27%        3d14*     6%          5
 Swiftness                Air            28%        N/A       11%         3
 Confusing Touch          Hex            27%        N/A       12%         3
 Sigil of Binding         Hex            27%        N/A       12%         3
 Summon Horrible Things   Summ           41%        N/A       12%         8
 Conjure Ball Lightning   Conj/Air       29%        3x3d8     17%         6
 Metabolic Englaciation   Hex/Ice        22%        N/A       21%         5
 Airstrike                Air            14%        2d(2-18)  34%         4
 Cause Fear               Hex            13%        N/A       36%         4
 Plasma Beam              Fire/Air       26%        2x1d39    38%         6
 Disjunction              Tloc           37%        N/A       41%         8
 Silence                  Hex/Air        13%        N/A       71%         5
 Ozocubu's Refrigeration  Ice            28%        4d13      75%         7
 Ignition                 Fire           34%        3d11      80%         8
 Dragon's Call            Summ           41%        N/A       87%         9
 Lehudib's Crystal Spear  Conj/Erth      33%        10d9      88%         8
 Enfeeble                 Hex            13%        N/A       100%        7
 Discord                  Hex            13%        N/A       100%        8
 Chain Lightning          Conj/Air       29%        3d39      100%        9
 Fire Storm               Conj/Fire      37%        8d9       100%        9
 Polar Vortex             Ice            28%        12d3*     100%        9
 Shatter                  Erth           27%        3d23*     100%        9


Dungeon Overview and Level Annotations

Branches:
Dungeon (15/15)            Temple (1/1) D:4            Lair (5/5) D:10
  Swamp (4/4) Lair:3        Snake (4/4) Lair:3        Slime (5/5) Lair:4
    Orc (2/2) D:12            Elf (3/3) Orc:2        Vaults (5/5) D:13
  Crypt (3/3) Vaults:2       Tomb (0/3) Crypt:3      Depths (4/4) D:15
    Zot (5/5) Depths:4     Bailey (visited)           IceCv (visited)
Volcano (visited)         Desolation (visited)

Altars:
Ashenzari
Cheibriados
Dithmenos
Elyvilon
Fedhas
Gozag
Hepliaklqana
Kikubaaqudgha
Makhleb
Nemelex Xobeh
Okawaru
Qazlal
Ru
Sif Muna
Trog
Uskayaw
Vehumet
Wu Jian
Xom
Yredelemnul
Zin
The Shining One
Jiyva
Lugonu

Shops:
D:3 =   D:5 *   D:14 [=(:   Orc:2 [?*   Elf:1 =?:   Elf:3 (   Snake:4 ((==
Vaults:1 *   Vaults:3 *   Vaults:4 [:   Depths:1 ==*

Portals:
Hell: Depths:1 Depths:2 Depths:3 Depths:4
Abyss: Lair:5 Depths:1 Depths:2 Depths:3
Pandemonium: Depths:2 Depths:4
Ziggurat: Depths:1

Annotations:
Snake:2 3 runed translucent doors, Annoileps's ghost, adept BaCj
Elf:2 2 runed translucent doors
Elf:3 2 exclusions
Depths:3 3 runed translucent doors


Innate Abilities, Weirdness & Mutations

You regain HP and MP as you explore.
You have an uncontrollable temper.
Armour fits poorly on your strangely shaped body.
Your body sometimes deteriorates upon taking damage.
You are dopey. (Int -2)
You frequently scream uncontrollably at your foes.
You are weak. (Str -2)
Potions are less effective at restoring your health.
You are vulnerable to heat. (rF-)
You expend magic power (3 MP) to strengthen your wands.
You have hidden genetic defects.


Message History

You whack the Brimstone Fiend!
The Brimstone Fiend is moderately wounded.
You hit the Brimstone Fiend.
The Brimstone Fiend is moderately wounded.
The Brimstone Fiend struggles against the net.
You hit the Brimstone Fiend.
The Brimstone Fiend is moderately wounded.
You whack the Brimstone Fiend!
The Brimstone Fiend is heavily wounded.
You whack the Brimstone Fiend!
The Brimstone Fiend is heavily wounded.
The Brimstone Fiend struggles against the net.
You catch the helpless Brimstone Fiend completely off-guard!
You hit the Brimstone Fiend.
The Brimstone Fiend is heavily wounded.
You catch the helpless Brimstone Fiend completely off-guard!
You thrash the Brimstone Fiend!!
The Brimstone Fiend is severely wounded.
The Brimstone Fiend calls on the powers of darkness!
Your body is wracked with pain!
* * * LOW HITPOINT WARNING * * *
The Orb Guardian convulses!
The Brimstone Fiend struggles against the net.
Unknown command.
A red film seems to cover your vision as you go berserk!
You feel yourself moving faster!
You feel mighty!
You whack the Brimstone Fiend!
The Brimstone Fiend is almost dead.
You thrash the Brimstone Fiend!!
You kill the Brimstone Fiend!
You closely miss the Orb Guardian.
The Orb Guardian is heavily wounded.
An Orb Guardian comes into view.
You thrash the Orb Guardian!!
You feel better.
The Orb Guardian is severely wounded.
You block the Orb Guardian's attack.
You thrash the Orb Guardian!!
You feel better.
The Orb Guardian is almost dead.
You whack the Orb Guardian!
You kill the Orb Guardian!
You enter the shallow water.
Moving in this stuff is going to be slow.
You feel a strong urge to attack something.
You feel your anger nearly subside.
You are no longer berserk.
You are exhausted.
You feel yourself slow down.
Unknown command.
Casting: Irradiate (safe; 1% risk of failure)
Confirm with . or Enter, or press ? or * to list all spells.
Casting: Eringya's Noxious Bog (mildly dangerous; 1% risk of failure)
Press: ? - help, Dir - look around, f - activate Splash!
You fall into the toxic bog.
Moving in this stuff is going to be slow.
You spew toxic sludge!
The Orb Guardian festers in the toxic bog!
The Orb Guardian looks as sick as possible!
The Orb Guardian misses you.
Casting: Eringya's Noxious Bog (mildly dangerous; 1% risk of failure)
Confirm with . or Enter, or press ? or * to list all spells.
You ignite the poison in your surroundings!
The Orb Guardian seems to burn from within!!!!
You kill the Orb Guardian!
The portal closes; your eldritch tentacle is severed.
Unknown command.
Your system partially rejects the healing.
You feel better.
The eldritch tentacle writhes!
You feel very mighty all of a sudden.
The eldritch tentacle writhes!
Okay, then.
You feel very buoyant.
You fly up into the air.
The eldritch tentacle writhes!
The eldritch tentacle writhes!
The eldritch tentacle writhes!
The eldritch tentacle writhes!
The eldritch tentacle writhes!
The eldritch tentacle is destroyed!
There is a staircase leading out of the dungeon here.
Your noxious spew wanes.
You have escaped!

.#.## ##.# #.#####.######...###.#
.##.###.## #.......# ##...###.#
.###.#.## #.####### #.........
###########################......
.#.....#........~~~~≈≈≈≈≈≈#.###.#
.....#......~~......≈≈≈≈≈≈#.# #.#
.....#.....~≈~~.~....~≈≈≈≈#.###..
.....##..~.~~.~.~~....≈~≈≈#......
..........~..≈~~@~~~....~≈#.....#
....#......~≈~≈~~.≈~....≈≈#..##.#
..#.#.....~..~≈~≈.~~....~≈#......
..#.#....~~~.~~≈≈~~...~.~≈#..##..
)......#...~~≈~~.......~≈≈#..##..
.##....#....~.....~~≈~≈≈≈≈##.##.#
.##...........#...≈≈~≈≈≈≈≈#..##.#
#........(#####################.#
###.....##.##....................


There were no monsters in sight!

Vanquished Creatures
  the Royal Jelly (Slime:5)
  A dread lich (Crypt:1)
  5 ancient liches
  Khufu (Crypt:3)
  4 orbs of fire
  Xtahua (Vaults:2)
  Boris (Depths:2)
  5 Killer Klowns (Zot:5)
  Vashnia (Snake:4)
  A caustic shrike (Depths:3)
  2 profane servitors
  5 golden dragons
  Nikola (Swamp:3)
  2 bone dragons
  2 electric golems
  5 tentacled monstrosities
  A Brimstone Fiend (D:1)
  A shard shrike zombie (Crypt:1)
  A hellephant (Crypt:1)
  The ghost of Dirtsage the Metamorph, an adept OpSh of the Shining One (Depths:3)
  3 liches
  A walking frostbound tome (Depths:1)
  22 Orb Guardians
  2 deep elf blademasters (Elf:3)
  7 titans
  15 acid blobs
  2 deep elf master archers (Elf:3)
  3 Executioners
  8 sphinxes
  2 death cobs
  6 tentacled starspawn
  2 quicksilver dragons (Zot:2)
  6 ancient champions
  2 thorn hunters
  Aizul (Snake:3)
  The ghost of bmj180 the Destroyer, an adept HuCj of Sif Muna (Snake:1)
  4 nagarajas
  6 shadow dragons
  8 storm dragons
  3 tengu reavers
  3 fenstrider witches (Swamp:4)
  4 azure jellies (Slime:5)
  2 revenants
  10 rockslimes (Slime:5)
  2 draconian monks
  The ghost of Romunoh the Fetichist, an adept SpBr of Gozag (Snake:3)
  2 draconian knights
  8 frost giants
  21 vault wardens
  The ghost of Dirtsage the Demon Slayer, an adept OpSh of the Shining One (Swamp:3)
  2 imperial myrmidons (Desolation)
  8 deep elf sorcerers
  11 fire giants
  A draconian shifter (Zot:2)
  6 deep elf elementalists (Elf:3)
  2 ghost moths
  A draconian scorcher (Zot:2)
  Louise (Snake:2)
  2 balrugs
  3 iron dragons
  3 curse skulls
  4 orc warlords
  8 ghouls
  A caustic shrike skeleton (Crypt:1)
  2 spriggan defenders (Depths:3)
  5 draconian stormcallers
  19 ironbound preservers
  14 quicksilver oozes
  10 stone giants
  16 very ugly things
  9 ironbound thunderhulks
  8 formless jellyfish
  9 deep elf death magi
  2 deep elf demonologists (Elf:3)
  11 vampire knights
  2 green draconians
  6 eleionomae
  The ghost of Koneso the Eclecticist, a journeyman DjCj of Ashenzari (D:14)
  3 black draconians
  A lorocyproca (Abyss:3)
  4 purple draconians
  2 red draconians (Depths:4)
  8 bunyips
  The ghost of night the Fighter, a journeyman DsAr of Gozag (D:12)
  Azrael (Snake:3)
  4 dire elephants (Vaults:1)
  A yellow draconian (Zot:1)
  6 deep elf annihilators
  2 war gargoyles
  5 spark wasps
  3 white draconians
  4 eidola
  3 crystal guardians
  A merfolk javelineer (Depths:3)
  2 mummy priests (Crypt:3)
  15 ettins
  17 jiangshi
  Josephine (D:10)
  3 shambling mangroves
  9 fire dragons
  4 deep elf high priests (Elf:3)
  2 entropy weavers
  8 ragged hierophants (Desolation)
  2 rakshasas (Depths:2)
  12 yaktaur captains
  A spriggan skeleton (Depths:3)
  A hell beast (Depths:3)
  2 ogre magi
  6 peacekeepers
  2 salamander tyrants (Snake:4)
  12 servants of whispers (Desolation)
  3 spriggan air magi
  17 hydras
  Erolcha (D:9)
  9 great orbs of eyes
  32 vault guards
  A catoblepas (Lair:4)
  5 alligators
  5 ghost crabs
  6 ice dragons
  12 centaur warriors
  12 ironbound frosthearts
  5 boulder beetles
  19 dancing weapons
  13 anacondas
  3 death knights
  11 naga warriors
  11 two-headed ogres
  11 deep troll shamans
  8 orc high priests
  8 spriggan berserkers
  10 vampire magi
  4 death yaks (Lair:5)
  A demonic crawler (Abyss:3)
  A spectral emperor scorpion (Crypt:3)
  9 thrashing horrors
  7 tengu warriors
  2 occultists
  5 shock serpents
  2 hell hogs (Abyss:3)
  10 deep troll earth magi
  A storm dragon zombie (Crypt:1)
  13 naga sharpshooters
  A sun demon (Depths:4)
  7 deep elf knights
  8 wretched stars
  8 hell knights
  A skyshark (shapeshifter) (Vaults:5)
  2 soul eaters
  A spectral death yak (Lair:3)
  3 shadow wraiths
  A skyshark (Lair:4)
  A death drake (shapeshifter) (Lair:5)
  4 salamander mystics
  12 iron trolls
  A shining eye (shapeshifter) (Elf:1)
  A spark wasp zombie (Depths:3)
  5 spriggan druids
  A sixfirhy (Abyss:3)
  2 death drakes
  3 goliath frogs
  32 skeletal warriors
  7 large abominations (Abyss:3)
  A deep troll (shapeshifter) (D:15)
  A glowing orange brain (shapeshifter) (D:12)
  70 deep trolls
  A swamp dragon (shapeshifter) (D:12)
  5 glowing orange brains
  5 naga ritualists
  2 spectral hydras (Lair:3)
  2 quicksilver dragon simulacra
  3 flayed ghosts
  6 bog bodies
  5 arcanists
  9 phantasmal warriors
  10 lindwurms
  10 deep elf archers
  4 harpies (Vaults:2)
  A harpy (shapeshifter) (D:12)
  An iron dragon zombie (Crypt:1)
  9 necromancers
  A jorogumo zombie (Crypt:1)
  7 orc knights
  12 swamp dragons
  25 deep elf pyromancers
  16 deep elf zephyrmancers
  33 ugly things
  6 cyclopes
  14 ironbound convokers
  A faun (shapeshifter) (Vaults:4)
  7 orc sorcerers
  4 will-o-the-wisps
  8 mana vipers
  2 worldbinders (Abyss:3)
  2 fire giant zombies
  5 shining eyes
  5 moths of wrath
  25 salamanders
  2 eleionoma skeletons
  38 black mambas
  A dire elephant zombie (Crypt:1)
  14 vault sentinels
  6 meliai (D:13)
  A meliai (shapeshifter) (Elf:3)
  6 kobold blastminers
  2 eyes of devastation
  9 guardian serpents
  3 elephants (Lair:3)
  13 naga magi
  2 apocalypse crabs (Abyss:3)
  2 water nymphs (Swamp:4)
  An eye of devastation (shapeshifter) (Depths:2)
  3 gargoyles
  5 cane toads
  2 molten gargoyles (Desolation)
  8 smoke demons
  A torpor snail (Lair:5)
  A kobold demonologist (D:11)
  A shock serpent skeleton (Crypt:2)
  7 freezing wraiths
  27 yaktaurs
  A hellion (Depths:4)
  A nameless horror (Depths:2)
  2 efreet (Volcano)
  A naga skeleton (Crypt:1)
  A komodo dragon (shapeshifter) (Vaults:4)
  13 komodo dragons
  6 ancient zymes
  A tormentor (Abyss:3)
  2 ice devils (D:12)
  4 tengu conjurers
  A green draconian skeleton (Crypt:1)
  4 trolls
  7 guardian mummies (Crypt:3)
  A pale draconian skeleton (Crypt:2)
  A purple draconian skeleton (Crypt:2)
  2 bloated husks
  4 polar bears
  A polar bear (shapeshifter) (D:12)
  A queen bee (D:13)
  3 hellwings (Abyss:3)
  A troll (shapeshifter) (Vaults:4)
  63 saltlings
  24 hornets
  34 blink frogs
  An iron dragon simulacrum (Depths:3)
  2 dream sheep (Lair:5)
  An ettin zombie (Vaults:2)
  10 tyrant leeches
  A glass eye (shapeshifter) (Vaults:5)
  17 raiju
  2 glass eyes
  A dream sheep (shapeshifter) (Vaults:4)
  2 air elementals (Elf:1)
  A spriggan (shapeshifter) (Vaults:5)
  59 slime creatures
  A culicivora (Zot:3)
  18 spriggans
  13 wraiths
  8 water elementals
  4 shadows (Crypt:3)
  43 yaks
  3 ynoxinuls
  23 fire elementals
  A naga simulacrum (Crypt:3)
  A fire bat (Abyss:3)
  9 golden eyes
  8 wyverns
  A yak (shapeshifter) (Vaults:4)
  8 basilisks
  A steam dragon (D:9)
  17 vampire mosquitoes
  4 neqoxecs
  A human (shapeshifter) (D:12)
  2 chaos spawn (Lair:5)
  2 wargs
  21 small abominations
  12 swamp worms
  An acid dragon (shapeshifter) (D:13)
  41 nagas
  A harpy simulacrum (Abyss:3)
  3 acid dragons
  9 water moccasins
  A water nymph skeleton (Crypt:2)
  A deep troll skeleton (Crypt:2)
  4 hell hounds (Snake:3)
  7 swamp drakes (Swamp:4)
  3 black bears
  39 orc warriors
  15 laughing skulls (Crypt:3)
  9 boggarts
  7 ogres
  9 wolves
  14 centaurs
  3 weeping skulls
  A human zombie (Vaults:2)
  A spectral basilisk (Lair:3)
  5 kobold brigands
  8 bullfrogs
  7 necrophages
  6 earth elementals
  A cane toad simulacrum (IceCv)
  A gnoll sergeant (D:9)
  A water moccasin zombie (Crypt:2)
  A yaktaur skeleton (Crypt:1)
  4 burial acolytes (Crypt:3)
  13 wights
  An elf skeleton (Crypt:2)
  A troll zombie (Crypt:2)
  3 elephant simulacra (IceCv)
  44 killer bees
  3 howler monkeys
  3 bombardier beetles
  A quasit (Abyss:1)
  4 hounds
  18 orc priests
  25 starcursed masses (Abyss:3)
  2 iguanas
  A scorpion zombie (Crypt:2)
  3 sleepcaps
  15 orc wizards
  A wolf simulacrum (IceCv)
  An ice beast zombie (Crypt:2)
  Robin (D:2)
  4 gnolls
  9 adders
  2 shadow imps
  3 white imps
  An iguana zombie (Crypt:2)
  An adder skeleton (Crypt:1)
  5 dart slugs
  A ribbon worm (D:3)
  82 orcs
  8 ball pythons
  2 bats
  5 endoplasms
  2 giant cockroaches
  20 goblins
  9 hobgoblins
  4 jackals
  28 kobolds
  8 quokkas
  5 frilled lizards
  A kobold skeleton (Crypt:1)
  7 rats
  A butterfly (Swamp:3)
  3 lurking horrors (Abyss:3)
  7 starspawn tentacles (Abyss:3)
2384 creatures vanquished.

Vanquished Creatures (collateral kills)
  3 orbs of fire
  3 juggernauts (Depths:2)
  Boris (Crypt:1)
  Margery (Crypt:1)
  A curse toe (Zot:3)
  4 golden dragons
  A bone dragon (Abyss:3)
  An electric golem (Zot:5)
  A Hell Sentinel (Abyss:3)
  4 tentacled monstrosities
  4 Orb Guardians
  A titan (Vaults:5)
  A tentacled starspawn (Abyss:3)
  An eldritch tentacle (Vaults:5)
  8 acid blobs
  4 tengu reavers
  2 storm dragons
  4 shadow dragons (Vaults:5)
  2 protean progenitors (Zot:3)
  4 fire giants
  3 rockslimes (Slime:5)
  A draconian shifter (Zot:2)
  A draconian knight (Zot:2)
  A deep elf sorcerer (Vaults:5)
  4 vault wardens
  A revenant (Crypt:1)
  3 quicksilver oozes
  A cacodemon (Abyss:3)
  A ghoul (Crypt:1)
  A draconian annihilator (Depths:4)
  A stone giant (Vaults:4)
  2 vampire knights (Depths:2)
  An ironbound preserver (Vaults:5)
  A very ugly thing (Vaults:5)
  2 green draconians
  2 red draconians
  A purple draconian (Zot:1)
  A dire elephant (Zot:5)
  An ettin (Vaults:5)
  A merfolk javelineer (Abyss:3)
  A blizzard demon (Abyss:3)
  A yaktaur captain (Vaults:5)
  2 rakshasas
  2 ogre magi (Vaults:5)
  A two-headed ogre (Vaults:5)
  A spriggan skeleton (Abyss:3)
  3 thrashing horrors (Abyss:3)
  A satyr (Abyss:3)
  A vampire mage (Crypt:1)
  An occultist (Abyss:3)
  4 hell knights
  A shock serpent (shapeshifter) (Vaults:5)
  3 wretched stars (Abyss:3)
  A shadow wraith (Abyss:3)
  A spatial maelstrom (Abyss:3)
  2 sixfirhies (Abyss:3)
  3 skeletal warriors (Crypt:1)
  2 flayed ghosts
  A deep troll (Vaults:5)
  A swamp dragon (Slime:5)
  A phantasmal warrior (Crypt:1)
  An ironbound convoker (Vaults:5)
  2 shining eyes
  5 moths of wrath
  A worldbinder (Abyss:3)
  A salamander (Depths:4)
  4 large abominations (Abyss:3)
  2 vault sentinels (Vaults:4)
  A smoke demon (Abyss:3)
  An ancient zyme (Abyss:3)
  2 nameless horrors
  2 glass eyes (Slime:5)
  6 raiju (Abyss:3)
  2 culicivoras (Zot:3)
  19 slime creatures
  A wraith (Crypt:1)
  A fire elemental (Abyss:3)
  2 neqoxecs (Abyss:3)
  2 starcursed masses (Abyss:3)
  An orc warrior (Bailey)
  A small abomination (Abyss:3)
  An ogre (Vaults:5)
  A quasit (Abyss:3)
  4 kobolds (Bailey)
  An aspiring flesh (Zot:3)
  3 starspawn tentacles (Abyss:3)
182 creatures vanquished.

Vanquished Creatures (others)
  An Orb Guardian (Zot:5)
  A lich (Vaults:5)
  55 eldritch tentacles
  A tentacled starspawn (Abyss:3)
  2 fire giants
  A naga warrior (Snake:4)
  A necromancer (Vaults:2)
  A tengu conjurer (D:15)
  A slime creature (Slime:5)
  A yak (D:10)
  A culicivora (Zot:3)
  A spriggan (Swamp:3)
  A vampire mosquito (D:9)
  A crimson imp (Abyss:1)
  An orc (D:4)
  16 foxfires
  15 starspawn tentacles
101 creatures vanquished.

Grand Total: 2667 creatures vanquished

Notes
Turn   | Place    | Note
-------+----------+-------------------------------------------
     0 | D:1      | Iwannabefree the Human Cinder Acolyte began the quest for
                  | the Orb.
     0 | D:1      | Reached XP level 1. HP: 18/18 MP: 2/2
   315 | D:1      | Reached XP level 2. HP: 21/24 MP: 3/3
   318 | D:1      | Learned a level 2 spell: Scorch
   941 | D:2      | Learned a level 1 spell: Freeze
  1012 | D:2      | Reached XP level 3. HP: 20/29 MP: 3/5
  1178 | D:2      | Noticed Robin
  1181 | D:2      | Reached XP level 4. HP: 35/35 MP: 7/7
  1196 | D:2      | Killed Robin
  1559 | D:3      | Found Buvvahae's Jewellery Emporium.
  1646 | D:3      | Reached XP level 5. HP: 35/41 MP: 9/9
  1676 | D:3      | Learned a level 3 spell: Frozen Ramparts
  1694 | D:3      | Found a glowing golden altar of the Shining One.
  1727 | D:3      | Found a basalt altar of Yredelemnul.
  2178 | D:3      | Noticed an angel
  2228 | D:4      | Reached skill level 1 in Ice Magic
  2299 | D:4      | Reached XP level 6. HP: 17/47 MP: 1/11
  2552 | D:4      | Found a staircase to the Ecumenical Temple.
  2754 | D:4      | Noticed a black bear
  2759 | D:4      | Killed a black bear
  2769 | D:4      | Identified the +5 sling of Dried Tears {speed, rC- Int+4
                  | SInv}
  2786 | D:4      | Reached XP level 7. HP: 48/52 MP: 13/13
  3129 | D:5      | Entered Level 5 of the Dungeon
  3390 | D:5      | Found a sparkling altar of Nemelex Xobeh.
  3467 | D:5      | Reached skill level 5 in Spellcasting
  3745 | D:5      | Reached skill level 5 in Ice Magic
  3745 | D:5      | Reached XP level 8. HP: 43/58 MP: 12/16
  3813 | D:5      | Found Yleeso Rixt's CLEARANCE SALE!.
  3825 | D:5      | Bought a +2 dagger of venom for 100 gold pieces
  3969 | D:5      | Reached skill level 5 in Fire Magic
  4044 | D:5      | Learned a level 5 spell: Fireball
  4074 | D:6      | Reached skill level 1 in Conjurations
  4572 | D:7      | HP: 9/46 [wight/+5 falchion (8)]
  4648 | D:7      | Found a burning altar of Makhleb.
  4801 | D:7      | Reached XP level 9. HP: 52/63 MP: 15/19
  4887 | D:7      | Found a radiant altar of Vehumet.
  5146 | D:8      | Identified the +9 whip of Arbitration {vamp, Will- MP+9
                  | Dex+2}
  5214 | D:8      | Found a blossoming altar of Fedhas.
  5315 | D:8      | Reached skill level 5 in Conjurations
  5479 | D:8      | Found a shimmering blue altar of Sif Muna.
  5741 | D:8      | Reached XP level 10. HP: 54/70 MP: 21/22
  5829 | D:9      | Found a hide-covered altar of Uskayaw.
  5962 | D:9      | Identified the +0 ring mail of the Thoughtful Eyes {SInv}
  6004 | D:9      | Noticed Erolcha
  6036 | D:9      | Killed Erolcha
  6067 | D:9      | Found a shadowy altar of Dithmenos.
  6135 | D:9      | Noticed a death knight
  6136 | D:9      | Found a runed translucent door.
  6497 | D:10     | Entered Level 10 of the Dungeon
  6508 | D:9      | Iwannabefree: ??cinder acolyte
  6508 | D:9      | beem: cinder acolyte[1/1]: Zealot background. Starts out
                  | worshipping {Ignis}, but will probably want to abandon once
                  | piety runs out. Gets a robe, a choice of -1 flaming
                  | weapons, and {Scorch} when they hit XL 2. New in 0.28.
  6552 | D:10     | Noticed a two-headed ogre
  6800 | D:10     | Found a flagged portal.
  6806 | Bailey   | Entered a bailey
  6811 | Bailey   | Noticed an orc warlord
  6908 | Bailey   | Noticed an orc knight
  6925 | Bailey   | Killed an orc knight
  6926 | Bailey   | Reached XP level 11. HP: 41/75 MP: 1/24
  7084 | Bailey   | Found a runed translucent gate.
  7086 | Bailey   | Found a runed translucent gate.
  7088 | Bailey   | Found a runed translucent gate.
  7142 | Bailey   | Learned a level 5 spell: Iskenderun's Battlesphere
  7171 | Bailey   | Killed an orc warlord
  7267 | D:9      | Iwannabefree: ??altar
  7267 | D:9      | beem: altar[1/1]: Altars are used for gaining religion.
                  | Altars to gods besides Beogh, Ignis, Lugonu, and Jiyva are
                  | guaranteed in Temple or D:3-10. Jiyva's altar is guaranteed
                  | in Slime:6, and Lugonu's and Beogh's altars occasionally
                  | appear in the Abyss and Orc, respectively.
  7429 | Temple   | Entered the Ecumenical Temple
  7511 | D:10     | Found a broken altar of Ashenzari.
  7546 | D:10     | Killed a two-headed ogre
  7552 | D:10     | Fell from the grace of Ignis
  7552 | D:10     | Became a worshipper of Ashenzari the Shackled
  7555 | D:10     | Iwannabefree: ??ignis wrath
  7555 | D:10     | beem: ignis wrath[1/2]: ABANDONMENT: 15 penance.
                  | RETRIBUTION: 33%: {Shaft} you or reroll if there's nowhere
                  | to go. 33%: Make the highest HD enemy in sight move 50%
                  | faster and give it {af_fire}, or (if there's no monster
                  | with a plain attack) keep going. 33%: 2-3 {fire
                  | elemental}s. For the duration of the wrath, you are not
                  | allowed to have any rF.
  7756 | D:10     | Noticed Josephine
  7760 | D:10     | Reached skill level 10 in Conjurations
  8048 | D:10     | Found a staircase to the Lair.
  8158 | Lair:1   | Entered Level 1 of the Lair of Beasts
  8197 | D:10     | You fall into a shaft and drop 2 floors!
  8222 | D:12     | Found a runed translucent gate.
  8222 | D:12     | Found a runed translucent gate.
  8222 | D:12     | Found a runed translucent gate.
  8223 | D:12     | Noticed a green ugly thing
  8243 | D:12     | HP: 14/75 [fire elemental[the fiery vengeance of Ignis]
                  | (14)]
  8255 | D:12     | Reached XP level 12. HP: 81/81 MP: 24/25
  8263 | D:12     | Learned a level 5 spell: Irradiate
  8277 | D:12     | Found a staircase to the Orcish Mines.
  8281 | D:12     | Reached skill level 5 in Fighting
  8281 | D:12     | Reached XP level 13. HP: 92/92 MP: 26/26
  8351 | D:12     | Found a frozen archway.
  8364 | IceCv    | Entered an ice cave
  8518 | IceCv    | Found a transporter.
  8533 | IceCv    | Found a transporter.
  8764 | D:11     | Reached * piety under Ashenzari
  9043 | Lair:1   | Reached skill level 1 in Staves
  9043 | Lair:1   | Reached ** piety under Ashenzari
  9063 | Lair:1   | Learned a level 4 spell: Sticky Flame
  9093 | Lair:1   | Reached skill level 6 in Fighting
  9561 | Lair:2   | Reached skill level 7 in Fighting
  9561 | Lair:2   | Reached XP level 14. HP: 85/105 MP: 11/28
  9639 | Lair:2   | You fall into a shaft and drop 2 floors!
  9817 | Lair:3   | Reached skill level 5 in Staves
 10084 | Lair:2   | Was forgiven by Ignis
 10178 | Lair:2   | Reached skill level 8 in Fighting
 10205 | Lair:2   | Reached *** piety under Ashenzari
 10777 | Lair:3   | Found a staircase to the Snake Pit.
 10899 | Lair:3   | Reached **** piety under Ashenzari
 11060 | Lair:3   | Found a staircase to the Swamp.
 11373 | Lair:4   | Found a viscous altar of Jiyva.
 11374 | Lair:4   | Found a staircase to the Slime Pits.
 11816 | Lair:5   | Entered Level 5 of the Lair of Beasts
 12062 | Lair:5   | Reached skill level 10 in Staves
 12595 | Lair:5   | Reached XP level 15. HP: 81/112 MP: 10/28
 12778 | Lair:5   | Identified the staff "Royruqi" {Fly rElec rC+ Str-2 Dex+3
                  | Ice}
 12791 | Lair:5   | Reached skill level 10 in Spellcasting
 12835 | Lair:5   | Reached skill level 9 in Fighting
 13002 | Lair:5   | Found a corrupted altar of Lugonu.
 13002 | Lair:5   | Found a one-way gate to the infinite horrors of the Abyss.
 13002 | Lair:5   | Identified the +5 ring mail of Guwaapif {+Inv rElec rC++
                  | MP+9}
 13076 | Lair:5   | Identified Sif Muna's Incunable of the Crypt
 13646 | D:11     | HP: 19/115 [very large slime creature (45)]
 14392 | D:12     | Reached skill level 10 in Fighting
 14550 | Orc:1    | Entered Level 1 of the Orcish Mines
 14575 | D:12     | Learned a level 6 spell: Starburst
 14700 | Orc:1    | Found a dark tunnel.
 14749 | Volcano  | Entered a volcano
 14786 | Volcano  | HP: 22/115 [efreet/fireball (14)]
 15333 | Orc:2    | Entered Level 2 of the Orcish Mines
 16064 | Orc:2    | Reached skill level 11 in Fighting
 16337 | Orc:2    | Found a staircase to the Elven Halls.
 16505 | Orc:2    | Found Ting's Magic Scroll Boutique.
 16507 | Orc:2    | Found Tiositibb's General Store.
 16509 | Orc:2    | Found Bevea's Antique Armour Shop.
 16513 | Orc:2    | Bought a scroll of teleportation for 36 gold pieces
 16513 | Orc:2    | Bought a scroll of teleportation for 36 gold pieces
 16513 | Orc:2    | Bought a scroll of teleportation for 36 gold pieces
 16513 | Orc:2    | Bought a scroll of teleportation for 36 gold pieces
 16520 | Orc:2    | Bought a potion of heal wounds for 65 gold pieces
 16541 | Orc:2    | Noticed an orc warlord
 16552 | Orc:2    | Killed an orc warlord
 16763 | Orc:2    | Noticed an orc warlord
 16768 | Orc:2    | Killed an orc warlord
 17369 | D:13     | Reached XP level 16. HP: 127/127 MP: 7/32
 17424 | D:13     | Learned a level 7 spell: Orb of Destruction
 17450 | D:13     | Identified the amulet of Spontaneous Combustion {Spirit
                  | Str+3}
 17516 | D:13     | Reached skill level 12 in Fighting
 18152 | D:13     | Identified the +0 robe of Snakes and Ladders {*Slow Fly
                  | MP+9}
 18181 | D:13     | Found a gate to the Vaults.
 18340 | D:14     | Found Ceeplogh's Armour Shop.
 18345 | D:14     | Found Uzoelad's Jewellery Shop.
 18365 | D:14     | Found Ehiror's Weapon Shoppe.
 18419 | D:14     | Found a large runed translucent door.
 18419 | D:14     | Found a large runed translucent door.
 18437 | D:14     | Noticed Koneso's ghost (journeyman DjCj)
 18689 | D:14     | Reached ***** piety under Ashenzari
 19156 | D:14     | Reached skill level 13 in Fighting
 19228 | D:14     | Found Hoal Yme's Book Shop.
 19231 | D:14     | Bought the Elucidation of Invitation for 528 gold pieces
 19273 | D:14     | Killed Koneso's ghost
 19316 | D:15     | Entered Level 15 of the Dungeon
 19541 | D:15     | Reached skill level 5 in Armour
 19541 | D:15     | Reached skill level 5 in Dodging
 19771 | D:15     | Gained mutation: You passively map a small area around you.
                  | [a shining eye]
 19921 | D:15     | Found a staircase to the Depths.
 19962 | D:15     | Identified a scroll of acquirement
 19974 | D:15     | Acquired a +5 lajatang of electrocution
 20532 | D:10     | Killed Josephine
 20620 | D:12     | Reached XP level 17. HP: 138/138 MP: 19/34
 20633 | D:12     | Found a runed translucent gate.
 20633 | D:12     | Found a runed translucent gate.
 20637 | D:12     | Reached XP level 18. HP: 145/145 MP: 22/35
 20641 | D:12     | Noticed night's ghost (journeyman DsAr)
 20643 | D:12     | Found a runed translucent gate.
 20708 | D:12     | Killed night's ghost
 20709 | D:12     | Reached skill level 14 in Fighting
 21206 | Swamp:1  | Entered Level 1 of the Swamp
 21276 | Swamp:1  | Paralysed by a hornet for 1 turns
 22344 | Swamp:2  | Reached ****** piety under Ashenzari
 23579 | Swamp:3  | Noticed Nikola
 23734 | Swamp:3  | Killed Nikola
 23804 | Swamp:3  | Found a runed translucent door.
 23808 | Swamp:3  | Noticed Dirtsage's ghost (adept OpSh)
 23809 | Swamp:3  | Identified the +5 war axe "Pixyan" {freeze, rF++ rC+ Dex-4
                  | Stlth+}
 23957 | Swamp:3  | Reached skill level 15 in Fighting
 23984 | Swamp:3  | HP: 10/149 [bunyip (31)]
 24423 | Swamp:3  | Reached skill level 10 in Armour
 24423 | Swamp:3  | Reached skill level 10 in Dodging
 25029 | Snake:1  | Entered Level 1 of the Snake Pit
 25138 | Swamp:3  | Killed Dirtsage's ghost
 25250 | Snake:1  | Noticed bmj180's ghost (adept HuCj)
 25253 | Snake:1  | Found a runed translucent door.
 25755 | Snake:1  | Reached skill level 16 in Fighting
 26357 | Snake:1  | Killed bmj180's ghost
 26409 | Snake:2  | Reached XP level 19. HP: 126/163 MP: 34/38
 26485 | Snake:2  | Noticed Louise
 26508 | Snake:2  | Killed Louise
 26977 | Snake:2  | Reached skill level 17 in Fighting
 27259 | Snake:2  | Found a runed translucent gate.
 27259 | Snake:2  | Found a runed translucent gate.
 27259 | Snake:2  | Found a runed translucent gate.
 27300 | Snake:2  | Learned a level 5 spell: Freezing Cloud
 27504 | Snake:2  | Noticed Annoileps's ghost (adept BaCj)
 28129 | Snake:3  | Found a runed translucent door.
 28133 | Snake:3  | Noticed Romunoh's ghost (adept SpBr)
 28178 | Snake:3  | Noticed Azrael
 28187 | Snake:3  | Killed Azrael
 28358 | Snake:3  | Identified the serpent talisman of Starshine {rF+++ rN+++
                  | Str-4 Int-2}
 28358 | Snake:3  | Noticed Aizul
 28372 | Snake:3  | Killed Aizul
 28377 | Snake:3  | Reached skill level 18 in Fighting
 28851 | Snake:3  | Killed Romunoh's ghost
 28926 | Snake:4  | Entered Level 4 of the Snake Pit
 29126 | Snake:4  | Found Ezxuise's Weapon Emporium.
 29128 | Snake:4  | Found Vair's Jewellery Shoppe.
 29128 | Snake:4  | Found Raiqixtad's Weapon Emporium.
 29136 | Snake:4  | Found Tuteulac's Jewellery Shoppe.
 29776 | Snake:4  | Reached skill level 19 in Fighting
 29905 | Snake:4  | Noticed Vashnia
 30227 | Snake:4  | Killed Vashnia
 30562 | Snake:4  | Got a serpentine rune of Zot
 30749 | Snake:4  | Reached skill level 20 in Fighting
 30749 | Snake:4  | Reached XP level 20. HP: 167/182 MP: 39/39
 31236 | Swamp:4  | Entered Level 4 of the Swamp
 31253 | Swamp:4  | Reached skill level 1 in Summonings
 31253 | Swamp:4  | Reached skill level 1 in Translocations
 32188 | Swamp:4  | Got a decaying rune of Zot
 32564 | Elf:1    | Entered Level 1 of the Elven Halls
 32687 | Elf:1    | Found Zagh's Magic Scroll Shop.
 32756 | Elf:1    | Reached skill level 5 in Summonings
 32756 | Elf:1    | Reached skill level 5 in Translocations
 32854 | Elf:1    | Bought a scroll of blinking for 142 gold pieces
 32854 | Elf:1    | Bought a scroll of blinking for 142 gold pieces
 32941 | Elf:1    | Paralysed by an air elemental for 1 turns
 33134 | Elf:1    | Found Gairih's Jewellery Shop.
 33203 | Elf:1    | Found Foutanom's Tiny Tomes.
 33285 | Elf:1    | Gained mutation: You are weak. (Str -2) [a shining eye]
 33792 | Elf:2    | Found a runed translucent door.
 33816 | Elf:2    | Found a runed translucent door.
 34312 | Elf:3    | Entered Level 3 of the Elven Halls
 34665 | Elf:3    | Reached XP level 21. HP: 99/178 MP: 17/42
 34667 | Elf:3    | Identified the +8 battleaxe "Tattletale" {drain, rPois
                  | Int+3}
 34923 | Elf:3    | Identified the ring "Rufofuem" {rF+ rC+ Dex+2}
 34971 | Elf:3    | Found Jbt Pih's Antique Weapon Boutique.
 35285 | Elf:3    | Learned a level 4 spell: Dispel Undead
 35396 | Elf:3    | Identified the +2 rapier of Sin {freeze, rC- Str+4}
 35401 | Elf:3    | Reached skill level 15 in Spellcasting
 35630 | Elf:3    | Identified the ring of Xom's Benevolence {rC+ Dex+4}
 35630 | Elf:3    | Identified the +7 war axe of Floods {protect, rC+ rN+}
 35840 | Elf:3    | Found the +18 shield of the Gong {Loud rN+ Will+ rCorr
                  | EV-5}
 35849 | Elf:3    | Identified the +0 plate armour of Vehumet's Fury {rPois
                  | Int-2 Dex+2}
 35849 | Elf:3    | Identified the +7 sling "Demonbane" {elec, rN+ Will+ MP+9
                  | Int+2}
 35849 | Elf:3    | Found the +2 shield of Resistance {rF++ rC++ Will++}
 35951 | Elf:3    | Identified Elohuriu's Notes on Massed Pyromancy
 35973 | Elf:3    | Identified the +0 cloak "Xypoqut" {Str+2}
 36243 | Elf:3    | Identified the +4 plate armour "Geotraoc" {rCorr Str+3
                  | Dex-5 Slay+5}
 36474 | Vaults:1 | Entered Level 1 of the Vaults
 36624 | Vaults:1 | Found a crumbling gateway.
 36745 | Desolati | Entered the Desolation of Salt
 37053 | Desolati | Identified the amulet "Lailaren" {Faith rF++ rC- Regen+}
 37055 | Desolati | Identified Ruven's Cyclopedia of the Shifting Fifth Circle
 37130 | Desolati | Identified the Quarto of the Battered Nightmares
 37371 | Desolati | Identified the +0 morningstar of Gozag's Anger {freeze,
                  | Str+2 Int-3 Dex+3}
 37372 | Desolati | Identified Sif Muna's Octavo of Sweltering Support
 37398 | Desolati | Identified the ring of Locuhom {rElec EV+5 Stlth+}
 37399 | Desolati | Identified the amulet of Biater {Acrobat rPois}
 37408 | Desolati | HP: 35/188 [saltling (11)]
 37653 | Desolati | Reached skill level 10 in Summonings
 37653 | Desolati | Reached skill level 10 in Translocations
 38105 | Vaults:1 | Reached XP level 22. HP: 128/196 MP: 41/44
 38276 | Vaults:1 | Identified the +3 leather armour of Hubris {Str+6}
 38539 | Vaults:1 | Found Memn's General Store.
 38547 | Vaults:1 | Bought a potion of heal wounds for 60 gold pieces
 38934 | Vaults:1 | Reached skill level 1 in Necromancy
 39380 | Vaults:2 | Found a staircase to the Crypt.
 39617 | Vaults:2 | Noticed Xtahua
 39633 | Vaults:2 | Killed Xtahua
 40155 | Vaults:2 | Reached skill level 5 in Necromancy
 40570 | Vaults:3 | Paralysed by a formless jellyfish for 1 turns
 40691 | Vaults:3 | Learned a level 7 spell: Malign Gateway
 40695 | Vaults:3 | Learned a level 3 spell: Passwall
 40766 | Vaults:3 | Found Ynleakaz's Assorted Antiques.
 40780 | Vaults:3 | Bought a crude iron ring for 185 gold pieces
 40780 | Vaults:3 | Identified the ring "Lifoirriapt" {rF+ rN+ Will- Str+6
                  | Int+3} (You bought it in a shop on level 3 of the Vaults)
 40957 | Vaults:3 | Reached XP level 23. HP: 186/202 MP: 41/46
 41245 | Vaults:3 | Found a runed translucent door.
 41245 | Vaults:3 | Identified the +11 scimitar "Xugucha" {venom, rElec rPois
                  | Will+ Str-5}
 42120 | Vaults:4 | Found Laghebu's Armour Emporium.
 42222 | Vaults:4 | Found Keumaich's Book Shoppe.
 42820 | Crypt:1  | Entered Level 1 of the Crypt
 42858 | Crypt:1  | Noticed a dread lich
 42869 | Crypt:1  | Killed a dread lich
 43031 | Crypt:1  | Noticed Boris
 43049 | Crypt:1  | Killed Boris
 43350 | Crypt:1  | Noticed Margery
 43367 | Crypt:1  | Killed Margery
 44083 | Crypt:1  | Acquired the +0 pair of boots of Nicly {Regen+}
 44100 | Crypt:1  | Iwannabefree: ??spectral
 44100 | Crypt:1  | beem: spectral[1/1]: A weapon ego that creates an allied
                  | clone of your wielded weapon, see {spectral ego}. Also a
                  | type of {derived undead}, see {spectral thing}.
 44100 | Crypt:1  | Iwannabefree: ??spectral ego
 44100 | Crypt:1  | beem: spectral ego[1/4]: A weapon ego that creates an
                  | allied spectral clone of your weapon when you melee a
                  | monster. The clone will persist so long as you continue to
                  | melee your target. Damage it takes is shared with you.
                  | Found on giant [spiked] clubs, quarterstaves, two-handed
                  | randarts of any type, and the {glaive of the guard}. Can
                  | also be a result of the {brand weapon} scroll.
 44246 | Crypt:2  | Reached skill level 1 in Maces & Flails
 44246 | Crypt:2  | Reached skill level 1 in Shields
 44339 | Crypt:2  | Reached XP level 24. HP: 190/210 MP: 37/47
 45215 | Crypt:3  | Entered Level 3 of the Crypt
 45426 | Crypt:3  | Found an ancient bone altar of Kikubaaqudgha.
 45768 | Crypt:3  | Identified the +0 plate armour "Icituiq" {Str-5 Int+2
                  | Stlth+}
 46311 | Crypt:3  | Reached skill level 5 in Maces & Flails
 46369 | Crypt:3  | Found a staircase to the Tomb.
 46369 | Crypt:3  | Noticed Khufu
 46369 | Crypt:3  | Identified the +7 scimitar "Feummem" {flame, rC- rN+ Int+3}
 46378 | Crypt:3  | Killed Khufu
 46379 | Crypt:3  | Reached skill level 5 in Shields
 46533 | Crypt:3  | Identified the Atlas of the Vacuum
 46991 | Depths:1 | Entered Level 1 of the Depths
 47129 | Depths:1 | Found a gateway to Hell.
 47146 | Depths:1 | Identified the +7 sling "Qaysch" {flame, *Slow rC+ Int+2
                  | Dex+4}
 47157 | Depths:1 | Found Goitidua's Jewellery Boutique.
 47208 | Depths:1 | Found Xizej's Jewellery Shop.
 47299 | Depths:1 | Noticed an ancient lich
 47300 | Depths:1 | Found a one-way gateway to a ziggurat.
 47307 | Depths:1 | Learned a level 2 spell: Lesser Beckoning
 47880 | Depths:1 | Iwannabefree: ??str
 47880 | Depths:1 | beem: strength[1/2]: Strength reduces penalties from
                  | wearing body armour; see {aevp}. Has a small impact on
                  | melee base damage, roughly +25% of initial damage per 10
                  | points of str above 10. In 0.28-, also affected ranged,
                  | sbl, and lbl damage.
 47880 | Depths:1 | Iwannabefree: ??dex
 47880 | Depths:1 | beem: dex[1/1]: Increases {accuracy} slightly, chance of
                  | stabbing distracted mons and stealth as well. Plays a
                  | significant role in EV if you have {dodging} skill. Boosts
                  | ability to shield-block. In 0.29, increases damage for lbl,
                  | sbl, and launchers.
 48070 | Depths:1 | Found Teloli's Fire Supplies.
 48508 | Depths:2 | Iwannabefree: ??resistance
 48508 | Depths:2 | beem: resistance[1/3]: Percentage of normal damage taken
                  | with each resistance for player: r{F,C,Elec,Pois}-: 150%;
                  | r{F,C}+: 50%; r{F,C}++: 33%; r{F,C}+++: 20%; rN+: 50%;
                  | rN++: 25%; rN+++: 0%; rCorr: 50%; rPois+: 33%; rElec: 33%
 48508 | Depths:2 | Iwannabefree: ??shield of resistance
 48508 | Depths:2 | beem: shield of resistance[1/2]: Either the unrandart +2
                  | kite shield that gives rF++, rC++ and Will++, or an
                  | ordinary buckler or kite shield or tower shield with the
                  | {resistance} (rF+ rC+) brand.
 48802 | Depths:2 | Reached skill level 10 in Shields
 48814 | Depths:2 | Gained mutation: Your body sometimes deteriorates upon
                  | taking damage. [mutagenic glow]
 48824 | Depths:2 | Lost mutation: Your body sometimes deteriorates upon taking
                  | damage. [potion of mutation]
 48824 | Depths:2 | Lost mutation: You are weak. (Str -2) [potion of mutation]
 48824 | Depths:2 | Lost mutation: You passively map a small area around you.
                  | [potion of mutation]
 48824 | Depths:2 | Gained mutation: Your movements are slightly less
                  | encumbered by armour. (ER -2) [potion of mutation]
 49007 | Depths:2 | Reached XP level 25. HP: 191/219 MP: 39/47
 49017 | Depths:2 | Noticed Boris
 49029 | Depths:2 | Learned a level 4 spell: Olgreb's Toxic Radiance
 49034 | Depths:2 | Learned a level 4 spell: Ignite Poison
 49164 | Depths:2 | Killed Boris
 49437 | Depths:2 | Noticed an ancient lich
 49450 | Depths:2 | Killed an ancient lich
 49491 | Depths:2 | Noticed a juggernaut
 49505 | Depths:2 | Killed a juggernaut
 49561 | Depths:2 | Noticed a juggernaut
 49577 | Depths:2 | Killed a juggernaut
 49597 | Depths:2 | Noticed a juggernaut
 49608 | Depths:2 | Killed a juggernaut
 49621 | Depths:2 | Noticed an ancient lich
 49628 | Depths:2 | Killed an ancient lich
 49922 | Depths:2 | Found a one-way gate leading to the halls of Pandemonium.
 50042 | Depths:2 | Identified the +8 flail of Hacking and Slashing {speed,
                  | Int+4}
 50316 | Depths:3 | Reached skill level 10 in Maces & Flails
 50469 | Depths:3 | Found a corrupted altar of Lugonu.
 50605 | Depths:3 | Found a runed translucent gate.
 50605 | Depths:3 | Found a runed translucent gate.
 50606 | Depths:3 | Found a runed translucent gate.
 50607 | Depths:3 | Noticed Dirtsage's ghost (adept OpSh)
 51004 | Depths:3 | Killed Dirtsage's ghost
 51051 | Depths:4 | Entered Level 4 of the Depths
 51115 | Depths:3 | Found a runed translucent door.
 51115 | Depths:3 | Identified Sif Muna's Lessons on Shadowy Toxicology
 51144 | Depths:3 | Found a runed translucent door.
 51148 | Depths:3 | Identified the Teachings on the Beaker
 51148 | Depths:3 | Identified the +1 scale mail of Watchfulness {-Cast rC+
                  | rCorr Slay+4}
 51345 | Depths:3 | Found a runed translucent door.
 51345 | Depths:3 | Found a runed translucent door.
 51582 | Depths:3 | Learned a level 6 spell: Eringya's Noxious Bog
 51647 | Depths:4 | Reached XP level 26. HP: 205/227 MP: 26/47
 51657 | Depths:4 | Found an iron altar of Okawaru.
 51841 | Depths:4 | Found a gate to the Realm of Zot.
 52033 | Depths:4 | Reached skill level 15 in Shields
 52805 | Slime:1  | Entered Level 1 of the Pits of Slime
 52969 | Slime:2  | Gained mutation: Your body sometimes deteriorates upon
                  | taking damage. [a shining eye]
 52971 | Slime:2  | Gained mutation: You occasionally shout uncontrollably at
                  | your foes. [a shining eye]
 53018 | Slime:3  | Gained mutation: You are weak. (Str -2) [a shining eye]
 53022 | Slime:3  | Gained mutation: You do not regenerate when monsters are
                  | visible. [a shining eye]
 53068 | Slime:5  | Entered Level 5 of the Pits of Slime
 53129 | Slime:5  | Gained mutation: Armour fits poorly on your strangely
                  | shaped body. [a shining eye]
 53408 | Slime:5  | Noticed the Royal Jelly
 53425 | Slime:5  | Killed the Royal Jelly
 53462 | Slime:5  | Identified the +11 quarterstaff of Qeguzag {protect,
                  | ^Fragile Fly Int+3}
 53466 | Slime:5  | Identified the amulet of Balance {RegenMP rN++ Str+5
                  | Stlth-}
 53473 | Slime:5  | Identified the +4 orcbow "Xeintegede" {antimagic, rF- rCorr
                  | Str+3}
 53520 | Slime:5  | Got a slimy rune of Zot
 54001 | Vaults:5 | Entered Level 5 of the Vaults
 54015 | Vaults:5 | Reached skill level 15 in Armour
 54015 | Vaults:5 | Reached XP level 27. HP: 198/233 MP: 25/47
 54202 | Vaults:5 | Noticed an ancient lich
 54206 | Vaults:5 | Killed an ancient lich
 54398 | Vaults:5 | Identified the orb "Iblexanay" {guile, -Cast rC++ Int-4
                  | Stlth+ Fire}
 54470 | Vaults:5 | HP: 41/218 [tengu reaver/bolt of acid (19)]
 54505 | Vaults:5 | Lost mutation: You are weak. (Str -2) [potion of mutation]
 54505 | Vaults:5 | Lost mutation: Your body sometimes deteriorates upon taking
                  | damage. [potion of mutation]
 54505 | Vaults:5 | Lost mutation: Your movements are slightly less encumbered
                  | by armour. (ER -2) [potion of mutation]
 54505 | Vaults:5 | Gained mutation: You occasionally lose the ability to read
                  | scrolls when taking damage. [potion of mutation]
 54505 | Vaults:5 | Gained mutation: You are somewhat resistant to further
                  | mutation. [potion of mutation]
 54506 | Vaults:5 | Lost mutation: Armour fits poorly on your strangely shaped
                  | body. [potion of mutation]
 54506 | Vaults:5 | Lost mutation: You do not regenerate when monsters are
                  | visible. [potion of mutation]
 54506 | Vaults:5 | Lost mutation: You occasionally shout uncontrollably at
                  | your foes. [potion of mutation]
 54507 | Vaults:5 | Lost mutation: You are somewhat resistant to further
                  | mutation. [potion of mutation]
 54507 | Vaults:5 | Lost mutation: You occasionally lose the ability to read
                  | scrolls when taking damage. [potion of mutation]
 54507 | Vaults:5 | Gained mutation: You are frail. (-10% HP) [potion of
                  | mutation]
 54507 | Vaults:5 | Gained mutation: Your spells are a little harder to cast,
                  | but a little more powerful. [potion of mutation]
 54507 | Vaults:5 | Gained mutation: You passively map a small area around you.
                  | [potion of mutation]
 54508 | Vaults:5 | Lost mutation: You passively map a small area around you.
                  | [potion of mutation]
 54508 | Vaults:5 | Lost mutation: Your spells are a little harder to cast, but
                  | a little more powerful. [potion of mutation]
 54508 | Vaults:5 | Gained mutation: Your spells are a little easier to cast,
                  | but a little less powerful. [potion of mutation]
 54508 | Vaults:5 | Gained mutation: Your mind is acute. (Int +4, Str/Dex -1)
                  | [potion of mutation]
 54509 | Vaults:5 | Lost mutation: Your mind is acute. (Int +4, Str/Dex -1)
                  | [potion of mutation]
 54509 | Vaults:5 | Lost mutation: Your spells are a little easier to cast, but
                  | a little less powerful. [potion of mutation]
 54509 | Vaults:5 | Lost mutation: You are frail. (-10% HP) [potion of
                  | mutation]
 54509 | Vaults:5 | Gained mutation: You are somewhat resistant to further
                  | mutation. [potion of mutation]
 54509 | Vaults:5 | Gained mutation: You are strong-willed. (Will+) [potion of
                  | mutation]
 54628 | Vaults:5 | Identified the +8 war axe of Fouroney {flame, rPois Will-
                  | Str+5 Int+3}
 55158 | Vaults:5 | Got a silver rune of Zot
 56047 | Depths:1 | Voluntarily entered the Abyss.
 56380 | Abyss:2  | Found a corrupted altar of Lugonu.
 56402 | Abyss:3  | Found a corrupted altar of Lugonu.
 56639 | Abyss:3  | Reached skill level 1 in Earth Magic
 56652 | Abyss:3  | Gained mutation: You occasionally lose the ability to read
                  | scrolls when taking damage. [a shining eye]
 56723 | Abyss:3  | HP: 39/239 [??? (36)]
 56726 | Abyss:3  | HP: 19/239 [eye of devastation/bolt of devastation (20)]
 56872 | Abyss:3  | Paralysed by accursed screaming for 1 turns
 57112 | Abyss:3  | Found a corrupted altar of Lugonu.
 57133 | Abyss:3  | Found a corrupted altar of Lugonu.
 57261 | Abyss:3  | Found a corrupted altar of Lugonu.
 57746 | Abyss:3  | Found a basalt altar of Yredelemnul.
 57806 | Abyss:3  | Paralysed by accursed screaming for 1 turns
 57810 | Abyss:3  | Got an abyssal rune of Zot
 57811 | Abyss:3  | Paralysed by accursed screaming for 2 turns
 57815 | Abyss:3  | Paralysed by accursed screaming for 1 turns
 57833 | Depths:1 | Escaped the Abyss
 57953 | Zot:1    | Entered Level 1 of the Realm of Zot
 58107 | Zot:2    | Noticed an orb of fire
 58123 | Zot:2    | Noticed an orb of fire
 58136 | Zot:2    | Killed an orb of fire
 58138 | Zot:2    | Lost mutation: You are somewhat resistant to further
                  | mutation. [potion of mutation]
 58138 | Zot:2    | Lost mutation: You are strong-willed. (Will+) [potion of
                  | mutation]
 58138 | Zot:2    | Gained mutation: You sometimes lose the ability to read
                  | scrolls when taking damage. [potion of mutation]
 58138 | Zot:2    | Gained mutation: You are resistant to electric shocks.
                  | (rElec) [potion of mutation]
 58146 | Zot:2    | Killed an orb of fire
 58191 | Zot:2    | Lost mutation: You are resistant to electric shocks.
                  | (rElec) [potion of mutation]
 58191 | Zot:2    | Lost mutation: You sometimes lose the ability to read
                  | scrolls when taking damage. [potion of mutation]
 58191 | Zot:2    | Lost mutation: You occasionally lose the ability to read
                  | scrolls when taking damage. [potion of mutation]
 58191 | Zot:2    | Gained mutation: Armour fits poorly on your strangely
                  | shaped body. [potion of mutation]
 58191 | Zot:2    | Gained mutation: You occasionally shout uncontrollably at
                  | your foes. [potion of mutation]
 58191 | Zot:2    | Gained mutation: You are dopey. (Int -2) [potion of
                  | mutation]
 58191 | Zot:2    | Gained mutation: You expend magic power (3 MP) to
                  | strengthen your wands. [potion of mutation]
 58206 | Zot:2    | Noticed an orb of fire
 58210 | Zot:2    | Gained mutation: You frequently scream uncontrollably at
                  | your foes. [an orb of fire]
 58213 | Zot:2    | Gained mutation: You are weak. (Str -2) [an orb of fire]
 58216 | Zot:2    | Gained mutation: Potions are less effective at restoring
                  | your health. [an orb of fire]
 58340 | Zot:1    | Gained mutation: You sometimes lose your temper in combat.
                  | [an orb of fire]
 58348 | Zot:1    | Killed an orb of fire
 58370 | Zot:2    | Reached skill level 21 in Fighting
 58440 | Zot:3    | Noticed an orb of fire
 58445 | Zot:3    | Gained mutation: You are vulnerable to heat. (rF-) [an orb
                  | of fire]
 58447 | Zot:3    | Gained mutation: You have an uncontrollable temper. [an orb
                  | of fire]
 58477 | Zot:3    | Killed an orb of fire
 58670 | Zot:5    | Entered Level 5 of the Realm of Zot
 58730 | Zot:5    | Got a prismatic gem with 486 turns to spare
 58732 | Zot:5    | Iwannabefree: ??gem
 58732 | Zot:5    | beem: gem[1/3]: Gems are an optional challenge to show that
                  | you've completed a branch in a low amount of time (auts).
                  | Most branches contain these. If you spend too long in a
                  | branch then the power of Zot will shatter that branch's gem
                  | - even if you've already collected it!
 58817 | Zot:5    | Noticed an ancient lich
 58824 | Zot:5    | Killed an ancient lich
 58827 | Zot:5    | Noticed an orb of fire
 58828 | Zot:5    | Noticed an orb of fire
 58833 | Zot:5    | Gained mutation: You have hidden genetic defects. [an orb
                  | of fire]
 58843 | Zot:5    | Killed an orb of fire
 58844 | Zot:5    | Noticed an orb of fire
 58855 | Zot:5    | Killed an orb of fire
 58862 | Zot:5    | Killed an orb of fire
 58868 | Zot:5    | Noticed an ancient lich
 58901 | Zot:5    | Killed an ancient lich
 58962 | Zot:5    | Reached skill level 22 in Fighting
 59061 | Zot:5    | Gained mutation: Your body sometimes deteriorates upon
                  | taking damage. [hidden defects]
 59093 | Zot:5    | Got the Orb of Zot
 59134 | Zot:5    | Noticed an ancient lich
 59745 | D:$      | Escaped with the Orb!

Illustrated notes

Levels and vault maps discovered:
D:1:      dpeg_arrival_more_subterranean_lakeside_camping, layout_loops_ring,
          nicolae_concentric_dashed_squares_wild, nicolae_titane
D:2:      layout_basic, uniq_robin
D:3:      layout_loops_ring, grunt_temple_overflow_holy_war, serial_shops,
          nicolae_shop_rolling_square
D:4:      minmay_octagon_keep, layout_loops_ring, minmay_temple_entry_trees,
          amethyst_killhole, lemuel_flame_loot_1
D:5:      layout_loops_ring, nemelex_spade_bored_becter,
          minmay_misc_feat_plants, nicolae_shop_clearance
D:6:      layout_cave_pools
D:7:      layout_cave_pools, makhleb_heckhound_becter, vehumet_crystals
D:8:      layout_gridville, fedhas_altar_decomposition, led_sif_book,
          chequers_serial_rivers_small_3
D:9:      layout_cave_pools, eat_drink_and_be_merry_uskayaw,
          mainiacjoe_overflow_cross_hatched, minmay_st_funbox, uniq_erolcha
D:10:     layout_roguey, cheibrodos_ashenzari_chains, david_lair_shrubbed,
          enter_bailey_3, kennysheep_nondescript, minivault_24, uniq_josephine
D:11:     layout_loops_ring
D:12:     layout_irregular_city, david_orc_2,
          ploomutoo_gammafunk_ghost_potion_laboratory,
          portal_ice_cave_demonic_guard, bh_walls_and_bars
D:13:     layout_long_grid, david_vaults_4, minivault_7
D:14:     layout_loops_corners, ebering_ghost_disaster_area, serial_shops,
          kennysheep_mini, shop, shop, shop, chequers_mini_garden
D:15:     hangedman_depths_entry_civil_slaughter, layout_rooms,
          minmay_misc_feat_rows
Temple:   minmay_temple_forest_path
Lair:1:   layout_roguey, grunt_megastairs_5, lemuel_fruit_tree
Lair:2:   layout_loops_ring
Lair:3:   layout_gridlike, nicolae_swamp_entry_spooky,
          minmay_snake_entry_guardpost_medium, chequers_serial_rivers_micro_e,
          serial_bayou_pond_a, serial_bayou_shore_a
Lair:4:   layout_hall_layers, slime_entry_1, serial_rivers,
          chequers_serial_rivers_small_b, chequers_serial_rivers_small_b,
          chequers_serial_rivers_micro_a, chequers_serial_rivers_micro_b,
          chequers_serial_rivers_micro_d, chequers_serial_rivers_room_b
Lair:5:   hellmonk_lair_end_abyssal_woods, layout_loops_ring,
          chequers_serial_rivers_marsh
Swamp:1:  layout_basic_swamp, evilmike_swamp_ruin_rubble_2, swamp_pool_1_2
Swamp:2:  layout_basic_swamp, evilmike_swamp_ruin_house_3, hangedman_swamp_cone,
          infiniplex_staircase_pool
Swamp:3:  layout_basic_swamp, gammafunk_ghost_grave,
          evilmike_swamp_ruin_house_1, swamp_pool_1_2,
          nicolae_swamp_frolicking_bunyips, nicolae_swamp_decorative_isthmus,
          uniq_nikola
Swamp:4:  swamp, layout_basic_swamp, nicolae_swamp_nymph_family_reunion
Snake:1:  layout_chambers, hellmonk_ghost_happy_afterlife
Snake:2:  layout_onion, gammafunk_ghost_necromancy, uniq_louise
Snake:3:  layout_chambers, ebering_ghost_reflecting_pool, uniq_azrael,
          uniq_aizul
Snake:4:  grunt_snake_rune_serpentine_throne, layout_basic, minmay_shoptagon
Slime:1:  layout_caves
Slime:2:  layout_caves, cheibrodos_slime_lost_civilization_6
Slime:3:  layout_caves
Slime:4:  layout_caves
Slime:5:  slime_pit_nicolae_royal_road_to_ruin
Orc:1:    layout_caves, enter_volcano_1
Orc:2:    st_orc_rangers, layout_caves, nicolae_orc_jurassic_orc,
          minmay_orc_temple_c
Elf:1:    nicolae_elf_arrival_no_cutting_in_line, layout_loops_cross,
          serial_shops, shop, shop, nicolae_elf_crossing_hall,
          nicolae_shop_i_like_small_books_too, minivault_24, drop_trap
Elf:2:    nicolae_elf_blades_splatter_lattice
          [nicolae_blade_entry_splitting_headache], layout_geoelf_diagonals
Elf:3:    grunt_elf_hall_spiral, layout_onion_city, serial_shops, shop_statue
Vaults:1: portal_desolation_entry_salt, ontoclasm_vaults_pinch, v_alt_pattern_1,
          nicolae_vaults_offset_grid_hallway_1, nicolae_vaults_circle_grid_b,
          nicolae_vaults_network_quinsquares
          [nicolae_vaults_network_quincunx_subvault,
          nicolae_vaults_network_quincunx_subvault,
          nicolae_vaults_network_quincunx_subvault,
          nicolae_vaults_network_quincunx_subvault],
          vaults_standard_mumra_lines, nicolae_vaults_stand_back,
          serial_library_hellmonk_reading_circle, hangedman_vaults_river_flow,
          vaults_room_boxed, v_misc_5, vaults_room_grunt_arrival_ludios,
          vaults_room_stairs_pillars, ontoclasm_vaults_ring_small,
          nicolae_vaults_double_plus_1, layout_vaults_big_cross, serial_shops,
          shop
Vaults:2: nicolae_vaults_closet_pinwheel_2, minmay_crypt_entry_simple_walls,
          grunt_vaults_hallway_long, nicolae_vaults_ninety_degrees,
          vaults_standard_mumra_enter_the_diamond,
          nicolae_vaults_border_crossing, vaults_room_large_hall,
          ontoclasm_vaults_decontamination, ontoclasm_vaults_idyll,
          nicolae_vaults_security_offices_1, v_misc_2, v_misc_8,
          nicolae_vaults_apartment_1, v_misc_5, nicolae_vaults_octothorpe,
          layout_vaults_ring, uniq_xtahua
Vaults:3: nicolae_vaults_alarming, nicolae_vaults_oozy_zoo,
          nicolae_vaults_little_squares_2, nicolae_vaults_circle_grid_b,
          v_misc_33, ontoclasm_vaults_ring_large,
          nicolae_vaults_closet_pinwheel_5, vaults_mumra_lcd,
          nicolae_vaults_tetromino_L_2, vaults_standard_mumra_enter_the_diamond,
          nicolae_vaults_gold_heap, layout_vaults_big_room, serial_shops,
          nicolae_shop_crystal
Vaults:4: nicolae_vaults_network_star, dpeg_vaults_monster_row,
          vaults_dpeg_encased_lava, nicolae_vaults_taking_the_gang_shopping,
          nicolae_vaults_meiosis, nicolae_vaults_little_squares_4,
          nicolae_vaults_house_1, vaults_room_semicircle,
          nicolae_vaults_loss_of_containment, nicolae_vaults_theta,
          layout_vaults_maze_snakey, serial_shops,
          nicolae_shop_just_a_little_nook
Vaults:5
Crypt:1:  layout_gridlike, nicolae_crypt_crumbling_hall, grunt_megastairs_2,
          grunt_crypt_arrival_split, uniq_margery, uniq_boris
Crypt:2:  layout_catacombs
Crypt:3:  grunt_crypt_end_deaths_head
Depths:1: layout_gridlike, enter_ziggurat_c, serial_shops,
          nicolae_shop_peninsula, nicolae_shop_tiny_real_fake_doors,
          hangedman_abyss_entry_splay, hell_entry, minmay_misc_feat_diagonals,
          grunt_ministairs_2, grunt_decor_resistance, nicolae_shop_fire_sale
          [nicolae_sub_dead_trees], kennysheep_nub,
          chequers_serial_rivers_marsh, minmay_evil_grid
Depths:2: regret_index_infernal_bastille, layout_basic,
          nicolae_abyss_entry_one_way_or_another, hell_entry,
          rand_demon_pan_entry_1
Depths:3: impenetrable_vault, layout_twisted_cross, grunt_mini_vestibule,
          abyss_entry_flame_altar, serial_bayou_lagoon_a,
          ebering_ghost_rock_garden, grunt_ministairs_14
Depths:4: evilmike_zot_entry_argh, layout_cave_pools, hellmouth_1,
          okawaru_gym_becter, pan_entry, minmay_misc_feat_rugged
Zot:1:    layout_misc_corridors, ebering_ghost_xom, regret_index_zotdec_wing_it
Zot:2:    layout_cathedral_of_symmetry, lemuel_lake_of_fire, uniq_josephina,
          uniq_grunn
Zot:3:    layout_gridlike, st_stairs_9, regret_index_zotdec_glowing_original,
          hangedman_zot_decor_scrapings, regret_index_zotdec_under_construction,
          zot_minivault_8
Zot:4:    infiniplex_zot_generator, layout_concentric_octagons,
          regret_index_zotdec_obsidian_hm, st_single_dragon_hoard_2,
          lemuel_elevator
Zot:5:    layout_cathedral_of_symmetry

Skill      XL: |  1  2  3  4  5  6  7  8  9 10 11 12 13 14 15 16 17 18 19 20 21 22 23 24 25 26 27 |
---------------+----------------------------------------------------------------------------------+-----
Fire Magic     | 4 6 7 9 |  9.4
Spellcasting   | 2 3 4 5 6 8 9 12 13 14 16 17 20 | 20.3
Ice Magic      | 2 3 5 |  5.0
Conjurations   | 3 5 7 10 11 | 11.8
Alchemy        | 12 | 12.2
Fighting       | 5 7 8 11 13 16 20 22 | 22.5
Armour         | 4 6 7 10 11 12 15 18 | 18.0
Dodging        | 4 6 7 10 | 10.0
Staves         | 3 11 | 11.3
Summonings     | 7 10 12 13 | 13.4
Translocations | 7 10 12 13 | 13.4
Necromancy     | 6 8 |  8.4
Maces & Flails | 1 7 12 13 | 13.0
Shields        | 1 10 14 17 19 | 19.7
Earth Magic    | 4 |  4.0
Long Blades    | |  3.0

Action                     |  1- 3 |  4- 6 |  7- 9 | 10-12 | 13-15 | 16-18 | 19-21 | 22-24 | 25-27 || total
---------------------------+-------+-------+-------+-------+-------+-------+-------+-------+-------++-------
  Melee: Falchion          |    73 |   119 |   131 |    42 |       |       |       |       |       ||   365
         Dagger            |       |       |     7 |    75 |    31 |       |       |       |       ||   113
         Lajatang          |       |       |       |       |   655 |   561 |   869 |  1282 |       ||  3367
         Demon whip        |       |       |       |       |       |       |       |   425 |  2076 ||  2501
  Throw: Dart              |       |       |       |     2 |       |       |       |       |       ||     2
         Throwing net      |       |       |       |       |       |       |       |       |     2 ||     2
   Cast: Scorch            |     7 |    21 |    64 |    11 |       |       |       |       |       ||   103
         Freeze            |       |     7 |    37 |    14 |     2 |       |       |       |       ||    60
         Frozen Ramparts   |       |       |    23 |    21 |    13 |    13 |     3 |     1 |       ||    74
         Fireball          |       |       |       |    46 |   201 |   113 |   160 |    24 |    31 ||   575
         Iskenderun's Batt |       |       |       |     2 |       |       |       |       |       ||     2
         Irradiate         |       |       |       |       |    66 |    72 |    91 |   120 |   141 ||   490
         Sticky Flame      |       |       |       |       |     2 |       |     1 |       |       ||     3
         Starburst         |       |       |       |       |     1 |    10 |    13 |     5 |    26 ||    55
         Orb of Destructio |       |       |       |       |       |    39 |    95 |    12 |    14 ||   160
         Freezing Cloud    |       |       |       |       |       |       |    34 |     4 |     4 ||    42
         Dispel Undead     |       |       |       |       |       |       |       |   168 |    63 ||   231
         Malign Gateway    |       |       |       |       |       |       |       |     7 |    54 ||    61
         Olgreb's Toxic Ra |       |       |       |       |       |       |       |       |    74 ||    74
         Ignite Poison     |       |       |       |       |       |       |       |       |    59 ||    59
         Eringya's Noxious |       |       |       |       |       |       |       |       |    33 ||    33
         Lesser Beckoning  |       |       |       |       |       |       |       |       |    22 ||    22
         Passwall          |       |       |       |       |       |       |       |       |    18 ||    18
 Invoke: Fiery Armour      |     2 |     2 |     5 |     1 |       |       |       |       |       ||    10
         Foxfire Swarm     |       |       |       |     1 |       |       |       |       |       ||     1
         Rising Flame      |       |       |       |     1 |       |       |       |       |       ||     1
         Curse Item        |       |       |       |     1 |     7 |     3 |     2 |     5 |     3 ||    21
         Shatter the Chain |       |       |       |       |     1 |     2 |     3 |     5 |       ||    11
  Evoke: Wand              |       |     2 |       |     9 |    13 |     2 |     5 |       |     4 ||    35
         Phial of floods   |       |       |       |       |     2 |     1 |       |       |       ||     3
         Tin of tremorston |       |       |       |       |       |     2 |     2 |       |       ||     4
         Sack of spiders   |       |       |       |       |       |     1 |       |     1 |       ||     2
    Use: Potion            |       |     1 |     3 |     5 |     1 |     6 |     8 |     5 |    36 ||    65
         Scroll            |       |     3 |     2 |     5 |     6 |     6 |    12 |    20 |    17 ||    71
   Stab: Sleeping          |       |     1 |       |       |       |       |       |       |     1 ||     2
         Invisible         |       |     1 |       |     1 |       |       |       |       |       ||     2
         Distracted        |       |       |       |       |       |       |     2 |     1 |    11 ||    14
         Confused          |       |       |       |       |       |       |       |       |     3 ||     3
         Held in net/web   |       |       |       |       |       |       |       |       |     2 ||     2
         Paralysed         |       |       |       |       |       |       |       |       |     2 ||     2
 Armour: Robe              |    52 |    87 |   157 |       |       |       |       |       |       ||   296
         Acid dragon scale |       |       |    12 |   147 |    22 |       |       |       |       ||   181
         Steam dragon scal |       |       |       |       |   540 |   503 |   696 |    17 |       ||  1756
         Ice dragon scales |       |       |       |       |       |       |       |  1663 |  1475 ||  3138
  Dodge: Dodged            |    35 |    82 |   180 |   118 |   396 |   373 |   577 |  1078 |  1177 ||  4016
  Block: Kite shield       |       |       |       |       |       |       |       |   229 |  1494 ||  1723

Table legend: (Time is in decaauts)
 A = Elapsed time spent in this place.
 B = Non-inter-level travel time spent in this place.
 C = Inter-level travel time spent in this place.
 D = Time resting spent in this place.
 E = Time spent auto-exploring this place.
 F = Levels seen in this place.
 G = Mean time per level.
                   A        B        C        D        E       F      G
               +--------+--------+--------+--------+--------+-----+--------+
         Total |  58242 |  52788 |   5454 |   8279 |  26482 |  63 |  924.5 |
       Dungeon |  14871 |  12548 |   2323 |   1518 |   7428 |  15 |  991.4 |
        Temple |      1 |      1 |      0 |      0 |      0 |   1 |    1.0 |
          Lair |   5348 |   4502 |    846 |    495 |   2862 |   5 | 1069.6 |
         Swamp |   4754 |   4421 |    333 |   1410 |   1925 |   4 | 1188.5 |
     Snake Pit |   5848 |   5593 |    255 |   1064 |   3355 |   4 | 1462.0 |
    Slime Pits |    765 |    765 |      0 |     22 |      0 |   5 |  153.0 |
  Orcish Mines |   2406 |   2286 |    120 |    626 |   1005 |   2 | 1203.0 |
   Elven Halls |   3742 |   3480 |    262 |    967 |   1485 |   3 | 1247.3 |
        Vaults |   6997 |   6411 |    586 |    578 |   3612 |   5 | 1399.4 |
         Crypt |   3732 |   3573 |    159 |    627 |   1700 |   3 | 1244.0 |
        Depths |   5467 |   4903 |    564 |    450 |   2484 |   4 | 1366.8 |
           Zot |    909 |    909 |      0 |      0 |      0 |   5 |  181.8 |
         Abyss |   1585 |   1585 |      0 |     36 |    345 |   3 |  528.3 |
        Bailey |    400 |    400 |      0 |    109 |     53 |   1 |  400.0 |
      Ice Cave |    182 |    182 |      0 |    142 |      0 |   1 |  182.0 |
       Volcano |    139 |    139 |      0 |      0 |      0 |   1 |  139.0 |
    Desolation |   1090 |   1090 |      0 |    232 |    227 |   1 | 1090.0 |
               +--------+--------+--------+--------+--------+-----+--------+

Top non-repeatable levels by time:
 Snake:3: 1889 daAuts
Depths:2: 1871 daAuts
   Elf:3: 1811 daAuts
Vaults:2: 1708 daAuts
  Lair:3: 1674 daAuts
 Swamp:2: 1673 daAuts
    D:12: 1627 daAuts
Vaults:5: 1539 daAuts
Vaults:1: 1533 daAuts
 Snake:4: 1470 daAuts
   Orc:2: 1465 daAuts
 Crypt:3: 1451 daAuts
Depths:1: 1330 daAuts
 Snake:2: 1325 daAuts
    D:14: 1324 daAuts
